 Dungeon Crawl Stone Soup version 0.29.0-11-gd7f09526c8 (webtiles) character file.

Game seed: 6693680138386452422

479 Pooter the Chopper (level 6, 0/56 HPs)
             Began as a Minotaur Berserker on Sept 3, 2022.
             Was a Believer of Trog.
             Succumbed to a scorpion's poison
             ... on level 4 of the Dungeon.
             The game lasted 00:11:21 (3139 turns).

Pooter the Chopper (Minotaur Berserker)             Turns: 3139, Time: 00:11:22

Health: 0/56       AC:  6    Str: 24    XL:     6   Next: 86%
Magic:  5/5        EV: 10    Int:  4    God:    Trog [**....]
Gold:   256        SH:  0    Dex:  9    Spells: 5/5 levels left

rFire   . . .      SeeInvis .   a - +1 hand axe
rCold   . . .      Faith    .   (no shield)
rNeg    . . .      Spirit   .   k - +0 scale mail
rPois   .          Reflect  .   (helmet restricted)
rElec   .          Harm     .   (no cloak)
rCorr   .          Rampage  .   (no gloves)
Will    .....                   (no boots)
Stlth   ..........              (no amulet)
HPRegen 0.18/turn               (no ring)
MPRegen 0.09/turn               (no ring)

@: brilliant, lethally poisoned (0 -> -3), on berserk cooldown, attractive,
slowed, very slow
A: horns 2, retaliatory headbutt
a: Renounce Religion, Berserk, Trog's Hand


You were on level 4 of the Dungeon.
You worshipped Trog.
Trog was pleased with you.
You visited 1 branch of the dungeon, and saw 4 of its levels.

You collected 256 gold pieces.

Inventory:

Hand Weapons
 a - a +1 hand axe (weapon)
 b - a +0 sling
   (You found it on level 2 of the Dungeon)
 j - a +0 quarterstaff
   (You found it on level 2 of the Dungeon)
Missiles
 e - 6 boomerangs (quivered)
 h - 3 poisoned darts
 Q - 61 stones
Armour
 k - a +0 scale mail (worn)
   (You found it on level 2 of the Dungeon)
Jewellery
 i - an amulet of magic regeneration
   (You found it on level 2 of the Dungeon)
 n - a +6 ring of intelligence
   (You found it on level 3 of the Dungeon)
Wands
 u - a wand of paralysis (6)
   (You found it on level 2 of the Dungeon)
Scrolls
 c - a scroll of enchant weapon
 f - a scroll of magic mapping {unknown}
 l - a scroll of summoning {unknown}
 m - a scroll of blinking {unknown}
 o - a scroll of acquirement {unknown}
 p - a scroll of identify {unknown}
 q - a scroll of vulnerability {unknown}
 t - a scroll of immolation {unknown}
 v - a scroll of fog {unknown}
 w - a scroll of torment {unknown}
 x - a scroll of amnesia {unknown}
Potions
 d - 2 potions of might {unknown}
 g - 2 potions of brilliance
 r - a potion of lignification {unknown}
 s - a potion of attraction {!q}


   Skills:
 + Level 5.2 Fighting
 * Level 6.6 Axes
 * Level 3.4 Ranged Weapons
 - Level 1.4 Throwing
 - Level 2.4 Armour
 - Level 2.1 Dodging
 + Level 1.7 Evocations


You had 5 spell levels left.
You didn't know any spells.
Your spell library was empty.

Dungeon Overview and Level Annotations

Branches:
Dungeon (4/15)
 Temple: D:4-7

Altars:


Innate Abilities, Weirdness & Mutations

You have a pair of horns on your head.
You reflexively headbutt those who attack you in melee.


Message History

The scorpion stings you.
* * * LOW HITPOINT WARNING * * *
The orc wizard hits you but does no damage.
Unknown command.
You closely miss the orc wizard. Your headbutt misses the orc wizard.
You closely miss the orc priest. You closely miss the scorpion.
You feel very sick.
The scorpion stings you but does no damage.
You closely miss the orc wizard. You barely miss the orc priest.
You hit the scorpion.
You feel sick.
The orc priest mumbles some strange prayers to Beogh against you.
Beogh smites you!
* * * LOW HITPOINT WARNING * * *
The orc wizard hits you but does no damage.
You slash the orc wizard!
You kill the orc wizard!
Trog accepts your kill.
Trog appreciates your killing of a magic user.
You hit the scorpion. You slash the orc priest!
You kill the orc priest!
Trog accepts your kill.
You feel sick. The scorpion stings you.
* * * LOW HITPOINT WARNING * * *
Your Ranged Weapons skill increases to level 3!
You hit the orc priest. You headbutt the orc priest!
You kill the orc priest!
Trog accepts your kill.
You hit the scorpion.
You feel sick. The scorpion stings you.
* * * LOW HITPOINT WARNING * * *
You slash the scorpion!
You kill the scorpion!
Trog accepts your kill.
You are no longer berserk.
You are exhausted.
You feel yourself slow down.
You feel sick.
You feel sick.
Things that are here:
a +0 whip; a +0 dagger; a +0 robe Your skin stops crawling.
You feel less strong-willed.
* * * LOW HITPOINT WARNING * * *
You feel sick.
There is a stone staircase leading up here.
It was a potion of brilliance.
You feel clever all of a sudden.
* * * LOW HITPOINT WARNING * * *
You feel sick.
It was a potion of attraction.
You feel attractive to monsters.
You die...

....................
.#.#.#.#.#.#.#.#.#.##
.....................
#.#)#.#.#.#.#.#.#.#
.............)....#
.#.#)#.#.#.#.#.#.##
#...........)†.)..#####
#.#.#.#.#.#.#.#)......#
................@..#...
#..#.#.#.#.#.#....##
.#................#
...................
...#..##........[.#.
..###.##.b........#..
..###..# .##...##.. ..
......##.# #... #. ...
......#...#


There were no monsters in sight!

Vanquished Creatures
  An ogre (D:4)
  A scorpion (D:4)
  A hound (D:4)
  2 orc priests (D:4)
  Terence (D:2)
  3 orc wizards (D:4)
  6 adders
  A worm (D:3)
  2 dart slugs (D:2)
  6 orcs
  7 ball pythons
  7 endoplasms
  10 goblins
  8 hobgoblins
  5 kobolds
  3 quokkas
  5 bats
  4 frilled lizards
  5 rats
78 creatures vanquished.

Notes
Turn   | Place    | Note
-------+----------+-------------------------------------------
     0 | D:1      | Pooter the Minotaur Berserker began the quest for the Orb.
     0 | D:1      | Reached XP level 1. HP: 19/19 MP: 0/0
   228 | D:1      | Reached skill level 4 in Axes
   319 | D:1      | Reached XP level 2. HP: 15/27 MP: 1/1
   597 | D:1      | Found a faded altar of an unknown god.
  1231 | D:2      | Reached XP level 3. HP: 33/33 MP: 2/2
  1394 | D:2      | Reached ** piety under Trog
  1578 | D:2      | Noticed Terence
  1586 | D:2      | Killed Terence
  1587 | D:2      | Reached skill level 5 in Axes
  1587 | D:2      | Reached skill level 1 in Throwing
  1587 | D:2      | Reached XP level 4. HP: 41/41 MP: 3/3
  2421 | D:3      | Reached skill level 1 in Ranged Weapons
  2470 | D:3      | Reached XP level 5. HP: 39/47 MP: 4/4
  3028 | D:4      | Noticed an ogre
  3035 | D:4      | Killed an ogre
  3036 | D:4      | Reached skill level 5 in Fighting
  3036 | D:4      | Reached skill level 6 in Axes
  3036 | D:4      | Reached skill level 1 in Evocations
  3036 | D:4      | Reached XP level 6. HP: 56/56 MP: 5/5
  3137 | D:4      | HP: 2/56 [poisoned by a scorpion]
  3139 | D:4      | Succumbed to a scorpion's poison

Illustrated notes

Levels and vault maps discovered:
D:1:      noname_arrival_rooms_in_the_neighbourhood, layout_loops_ring,
          shapermc_ecumenical_altar_mp_urbaneastern,
          chequers_serial_rivers_small_b
D:2:      layout_loops_ring, minmay_fractal_squares_gapless_5, uniq_terence
D:3:      layout_rooms, chequers_serial_rivers_room_a, kennysheep_path_1
D:4:      layout_cave_pools, nicolae_elyvilon_peaceful_grove, hex_large,
          minmay_tree_intersection, uniq_edmund, uniq_crazy_yiuf_cottage

Skill      XL: |  1  2  3  4  5  6 |
---------------+-------------------+-----
Axes           | 4 5 6 |  6.6
Fighting       | 4 5 |  5.2
Throwing       | 1 |  1.4
Ranged Weapons | 1 2 3 |  3.4
Evocations     | 1 |  1.7
Armour         | |  2.4
Dodging        | |  2.1

Action                   |  1- 3 |  4- 6 || total
-------------------------+-------+-------++-------
Melee: Hand axe          |    63 |    81 ||   144
       Headbutt          |     9 |     8 ||    17
       Quarterstaff      |     5 |    11 ||    16
 Fire: Sling             |       |    43 ||    43
Invok: Berserk           |     1 |     4 ||     5
       Trog's Hand       |       |     2 ||     2
  Use: Scroll            |     1 |       ||     1
       Potion            |       |     2 ||     2
Armor: Animal skin       |     2 |       ||     2
       Ring mail         |    15 |       ||    15
       Scale mail        |       |    50 ||    50
Dodge: Dodged            |    36 |    41 ||    77
